Map: Omega Sector

Players

Kewl - Winner!

  • Race: Protoss Protoss
  • Spawn Location: 5:00

pta - Winner!

  • Race: Zerg Zerg
  • Spawn Location: 6:00

A.I. 2 (Very Hard)

  • Race: Protoss Protoss
  • Spawn Location: 9:00

A.I. 3 (Harder)

  • Race: Terran Terran
  • Spawn Location: 12:00

VOD

Have the link to the VOD?

Description

Time

  • Played on: April 20, 2019, 4:41 p.m.
  • Length: 30:16
Show
View Real Time Build Order
Export as new Build Order

Kewl Protoss - Winner!

Build Orders:  

Get SALT Encoding   

  1  0:00  Probe  
  12  0:06  Probe  
  14  0:17  Probe  
  15  0:31  Pylon  
  15  0:56  Pylon  
  15  0:59  Probe  
  16  1:07  Probe  
  16  1:10  Forge  
  17  1:15  Gateway  
  17  1:26  Probe  
  18  1:38  Probe  
  19  1:42  Pylon  
  19  1:47  Nexus  
  19  1:53  Assimilator  
  19  1:57  Probe  
  19  1:58  Assimilator  
  20  2:06  Zealot  
  22  2:24  Photon Cannon  
  22  2:25  Probe  
  23  2:33  Zealot  
  25  2:43  Photon Cannon  
  25  2:54  Photon Cannon  
  25  2:59  Probe  
  25  3:00  Zealot  
  28  3:10  Photon Cannon  
  28  3:11  Probe  
  29  3:15  Probe  
  30  3:23  Probe  
  30  3:27  Probe  
  30  3:33  Probe  
  32  3:35  Probe  
  32  3:38  Zealot  
  36  3:45  Probe  
  37  3:55  Probe  
  37  3:56  Photon Cannon  
  37  4:01  Photon Cannon  
  38  4:04  Probe  
  39  4:12  Probe  
  40  4:20  Zealot  
  42  4:24  Probe  
  43  4:35  Nexus  
  43  4:36  Probe  
  44  4:45  Photon Cannon  
  44  4:48  Probe  
  45  4:57  Cybernetics Core  
  45  5:00  Photon Cannon  
  45  5:02  Probe  
  45  5:04  Photon Cannon  
  46  5:10  Probe  
  47  5:19  Probe  
  47  5:22  Zealot  
  50  5:29  Pylon  
  50  5:31  Probe  
  50  5:33  Photon Cannon  
  51  5:40  Twilight Council  
  51  5:44  Probe  
  51  5:46  Protoss Shields Level 1  
  51  5:49  Zealot  
  54  5:50  Photon Cannon  
  54  5:54  Photon Cannon  
  54  5:56  Probe  
  55  6:01  Photon Cannon  
  55  6:07  Charge, Pylon  
  55  6:21  Zealot  
  51  6:29  Photon Cannon  
  45  6:35  Probe  
  46  6:44  Probe  
  46  6:45  Stargate  
  46  6:48  Zealot  
  46  6:53  Probe  
  49  7:00  Photon Cannon  
  50  7:05  Probe  
  50  7:07  Photon Cannon  
  51  7:11  Stargate  
  51  7:12  Probe  
  51  7:15  Zealot  
  54  7:16  Photon Cannon x2  
  54  7:18  Probe, Photon Cannon  
  54  7:21  Photon Cannon  
  55  7:26  Photon Cannon  
  55  7:27  Photon Cannon  
  55  7:32  Assimilator  
  51  7:42  Zealot  
  53  7:47  Pylon  
  53  7:55  Photon Cannon  
  53  8:00  Protoss Shields Level 2  
  53  8:06  Probe  
  53  8:09  Zealot  
  53  8:12  Fleet Beacon  
  56  8:14  Probe  
  56  8:19  Assimilator  
  57  8:21  Probe  
  57  8:24  Probe  
  57  8:26  Pylon  
  59  8:29  Probe  
  60  8:36  Probe, Zealot  
  63  8:41  Stargate  
  63  8:43  Stargate  
  63  8:48  Probe  
  64  8:58  Protoss Air Weapons Level 1  
  64  9:02  Probe  
  64  9:03  Zealot  
  64  9:04  Assimilator  
  64  9:07  Assimilator  
  67  9:10  Probe  
  67  9:11  Tempest x2  
  78  9:18  Probe  
  79  9:26  Probe  
  79  9:28  Photon Cannon  
  79  9:30  Zealot  
  79  9:31  Photon Cannon  
  82  9:33  Photon Cannon  
  82  9:36  Probe, Photon Cannon  
  83  9:48  Probe  
  82  9:56  Tempest  
  82  9:57  Tempest x2  
  82  9:58  Zealot  
  79  10:14  Pylon  
  79  10:17  Photon Cannon  
  79  10:19  Photon Cannon  
  79  10:20  Photon Cannon  
  79  10:23  Photon Cannon  
  79  10:26  Photon Cannon  
  79  10:30  Pylon  
  79  10:33  Photon Cannon x2  
  79  10:38  Photon Cannon  
  79  10:39  Photon Cannon  
  79  10:44  Photon Cannon  
  77  11:00  Zealot  
  77  11:07  Protoss Air Armor Level 1  
  76  11:27  Zealot  
  76  11:30  Tempest  
  75  11:36  Tempest  
  78  11:47  Pylon  
  78  11:49  Pylon  
  78  11:53  Photon Cannon  
  78  12:01  Probe  
  78  12:02  Photon Cannon  
  78  12:03  Photon Cannon  
  78  12:05  Tempest, Zealot, Photon Cannon  
  78  12:07  Photon Cannon  
  86  12:11  Photon Cannon  
  86  12:13  Tempest  
  91  12:15  Pylon  
  91  12:22  Pylon  
  91  12:27  Pylon  
  91  12:29  Pylon  
  91  12:33  Pylon, Zealot  
  93  12:58  Pylon  
  93  13:00  Pylon  
  93  13:06  Protoss Shields Level 3  
  93  13:15  Nexus  
  93  13:21  Pylon  
  93  13:23  Pylon  
  93  13:25  Pylon  
  93  13:40  Protoss Air Weapons Level 2  
  82  14:04  Tempest x2  
  82  14:05  Tempest  
  97  14:19  Photon Cannon  
  97  14:23  Photon Cannon  
  97  14:27  Photon Cannon  
  97  14:38  Probe  
  97  14:43  Photon Cannon  
  98  14:46  Probe  
  99  14:55  Probe  
  100  15:07  Tempest  
  100  15:10  Tempest  
  110  15:21  Photon Cannon  
  110  15:24  Photon Cannon  
  97  15:54  Tempest x2  
  97  15:55  Tempest  
  106  16:53  Tempest x2  
  113  16:54  Tempest  
  118  17:22  Pylon  
  118  17:27  Nexus  
  117  17:53  Photon Cannon  
  112  18:08  Tempest  
  107  18:28  Tempest  
  112  18:45  Nexus  
  112  18:50  Pylon  
  112  18:53  Pylon  
  112  18:54  Pylon  
  112  19:10  Photon Cannon  
  112  19:20  Photon Cannon  
  112  19:35  Pylon  
  97  20:04  Photon Cannon  
  92  20:12  Photon Cannon  
  92  20:25  Photon Cannon  
  92  20:40  Tempest  
  97  21:00  Tempest  
  102  21:18  Photon Cannon  
  102  21:53  Photon Cannon  
  102  22:07  Probe  
  102  22:10  Photon Cannon  
  102  22:15  Probe, Tempest  
  103  22:19  Protoss Air Weapons Level 3  
  109  22:25  Probe  
  110  22:37  Probe  
  110  22:43  Photon Cannon  
  111  22:45  Probe  
  111  22:47  Photon Cannon  
  112  22:53  Probe  
  113  23:03  Probe  
  113  23:07  Photon Cannon  
  113  23:09  Photon Cannon  
  114  23:19  Pylon  
  114  24:09  Photon Cannon  
  114  24:11  Photon Cannon  
  114  24:14  Photon Cannon  
  114  24:17  Tempest  
  119  24:47  Photon Cannon  
  119  24:49  Tempest  
  124  25:06  Protoss Air Armor Level 2  
  124  25:20  Tempest  
  129  25:38  Pylon  
  129  25:45  Pylon  
  129  25:55  Tempest  
  134  26:03  Photon Cannon  
  134  26:13  Photon Cannon  
  133  27:42  Tempest x2  
  143  27:46  Nexus  
  143  28:25  Tempest  
  148  28:43  Assimilator  
  148  28:45  Assimilator  
Show
View Real Time Build Order
Export as new Build Order

pta Zerg - Winner!

Build Orders: Pool First, Roach Hydra 

Get SALT Encoding   

  12  0:09  Drone  
  12  0:11  Drone  
  14  0:28  Overlord  
  14  0:57  Spawning Pool  
  13  0:59  Extractor  
  13  1:00  Extractor  
  11  1:23  Drone  
  11  1:24  Drone x2  
  14  1:44  Zergling x2  
  15  1:57  Roach Warren  
  15  1:59  Lair  
  14  2:19  Hatchery  
  13  2:24  Evolution Chamber  
  13  2:25  Drone x2  
  13  2:27  Drone  
  15  2:38  Drone  
  16  2:56  Drone  
  17  3:01  Queen  
  19  3:09  Drone  
  19  3:11  Drone  
  21  3:21  Drone  
  22  3:39  Drone  
  23  3:56  Hydralisk Den, Drone x3  
  23  3:58  Overlord  
  23  3:59  Overlord  
  25  4:22  Zerg Ground Armor Level 1  
  25  4:25  Glial Reconstitution  
  25  4:32  Roach  
  25  4:33  Roach  
  29  4:41  Queen  
  31  4:47  Roach  
  31  4:52  Roach  
  35  4:58  Roach  
  35  4:59  Drone  
  38  5:02  Drone  
  38  5:05  Drone  
  40  5:22  Drone  
  40  5:23  Drone  
  40  5:26  Roach  
  44  5:29  Overlord  
  44  5:30  Overlord  
  44  5:47  Drone  
  44  5:48  Drone  
  46  6:04  Drone x4  
  47  6:13  Roach  
  47  6:14  Roach x6  
  47  6:16  Zerg Missile Weapons Level 1  
  51  6:24  Spine Crawler  
  50  6:26  Spine Crawler  
  50  6:28  Spine Crawler  
  50  6:32  Spine Crawler  
  41  6:48  Roach x3  
  41  6:49  Roach x2  
  41  6:50  Roach  
  47  7:09  Roach x2  
  47  7:11  Overlord x3  
  47  7:14  Overlord  
  51  7:49  Drone x3  
  54  7:51  Drone x3  
  54  7:56  Drone x2  
  59  8:04  Drone x3  
  62  8:13  Spine Crawler  
  62  8:15  Spine Crawler  
  62  8:16  Spine Crawler  
  62  8:17  Spine Crawler  
  62  8:19  Spine Crawler  
  57  8:21  Spine Crawler  
  57  8:24  Roach x5  
  66  8:33  Zerg Ground Armor Level 2  
  66  8:37  Grooved Spines  
  66  8:59  Infestation Pit  
  65  9:10  Hydralisk  
  65  9:11  Hydralisk x4  
  65  9:12  Hydralisk  
  65  9:13  Hydralisk  
  65  9:14  Hydralisk  
  73  9:48  Muscular Augments  
  73  9:59  Hydralisk x2  
  73  10:00  Hydralisk x3  
  73  10:02  Overlord x2  
  73  10:03  Overlord  
  83  10:14  Evolution Chamber  
  83  10:19  Evolution Chamber  
  81  10:23  Drone x2  
  83  10:37  Hive  
  83  10:48  Extractor  
  83  10:49  Drone x2  
  84  10:50  Extractor  
  84  10:56  Zerg Missile Weapons Level 2  
  83  11:14  Lurker Den  
  83  11:18  Drone x2  
  84  11:45  Roach x5  
  84  11:46  Hydralisk x3  
  98  11:49  Zergling x12  
  59  12:59  Hydralisk x5  
  59  13:00  Hydralisk x2  
  59  13:01  Roach x3  
  59  13:02  Roach x3  
  70  13:13  Zergling x2  
  70  13:14  Zergling x2  
  54  13:54  Zergling x2  
  54  13:55  Zergling x16  
  53  13:56  Zergling x6  
  50  14:22  Roach x3  
  50  14:23  Roach x6  
  68  14:26  Zerg Ground Armor Level 3  
  68  14:27  Zerg Missile Weapons Level 3  
  68  14:40  Drone  
  69  14:51  Hydralisk x2  
  69  14:52  Hydralisk x3  
  79  14:54  Hydralisk  
  79  14:55  Hydralisk  
  83  15:06  Drone x4  
  87  15:27  Spine Crawler  
  86  15:33  Spine Crawler  
  85  15:38  Spine Crawler  
  85  15:39  Spine Crawler  
  83  15:44  Hydralisk x2  
  83  15:45  Hydralisk  
  83  15:46  Hydralisk x3  
  83  15:49  Roach x2  
  99  15:51  Overlord x2  
  99  15:55  Overlord  
  99  15:56  Overlord  
  99  15:57  Overlord  
  99  16:06  Zerg Melee Weapons Level 1  
  99  16:25  Hydralisk x7  
  79  17:18  Hydralisk x6  
  79  17:19  Hydralisk x2  
  95  17:54  Roach  
  95  17:55  Roach x6  
  91  18:49  Roach x7  
  91  18:50  Roach x2  
  109  19:11  Roach x3  
  43  20:48  Roach x7  
  55  20:50  Hydralisk x2, Roach  
  59  22:40  Hatchery  
  58  22:54  Overseer  
  58  23:15  Roach x2  
  58  23:16  Roach  
  64  23:58  Overseer  
  64  24:21  Hydralisk  
  64  24:22  Hydralisk  
  68  24:27  Hydralisk  
  70  24:41  Roach  
  70  24:42  Roach  
  74  24:53  Hydralisk x2  
  74  24:58  Hydralisk  
  80  25:47  Hydralisk  
  80  25:48  Hydralisk x5  
  80  25:49  Hydralisk  
  92  25:50  Hydralisk  
  96  26:55  Hydralisk  
  96  26:56  Hydralisk x5  
  96  26:57  Hydralisk  
  96  26:58  Hatchery  
  81  28:14  Hydralisk  
  81  28:15  Hydralisk x7  
  81  28:16  Hydralisk x2  
  101  28:37  Zergling x16  
  101  28:38  Zergling x2  
  101  28:39  Zergling x2  
Show
View Real Time Build Order
Export as new Build Order

A.I. 2 (Very Hard) Protoss 

Build Orders: Zealot Archon 

Get SALT Encoding   

  12  0:01  Probe  
  13  0:13  Probe  
  14  0:21  Pylon  
  14  0:25  Probe  
  15  0:35  Probe  
  16  0:43  Probe  
  16  0:48  Assimilator  
  17  0:52  Gateway  
  17  0:53  Probe  
  18  0:59  Pylon  
  18  1:01  Probe  
  18  1:09  Probe  
  20  1:19  Probe  
  21  1:31  Probe  
  22  1:40  Zealot  
  22  1:42  Cybernetics Core  
  22  1:44  Probe  
  25  2:01  Nexus  
  25  2:13  Gateway  
  25  2:20  Warp Gate, Pylon  
  25  2:23  Zealot  
  25  2:27  Probe  
  28  2:39  Probe  
  28  2:40  Assimilator  
  29  2:50  Adept  
  31  2:51  Probe  
  31  2:54  Adept  
  32  3:03  Probe  
  32  3:05  Pylon  
  35  3:16  Probe  
  35  3:19  Stalker  
  36  3:20  Adept  
  36  3:26  Probe  
  41  3:28  Probe  
  42  3:38  Probe  
  42  3:40  Probe  
  44  3:43  Robotics Facility  
  44  3:49  Adept  
  44  3:50  Probe  
  44  3:52  Probe  
  44  3:54  Adept  
  48  4:02  Probe  
  51  4:04  Probe  
  52  4:12  Pylon  
  52  4:14  Probe  
  52  4:16  Probe  
  54  4:26  Probe  
  54  4:28  Probe, Stalker  
  54  4:30  Immortal  
  62  4:34  Pylon  
  62  4:38  Probe  
  62  4:39  Stalker  
  62  4:40  Probe  
  66  4:49  Robotics Facility  
  66  4:50  Probe  
  66  4:52  Probe, Stalker  
  70  4:59  Immortal  
  70  5:03  Probe  
  70  5:05  Probe  
  72  5:10  Pylon  
  76  5:16  Pylon  
  76  5:20  Stalker  
  78  5:25  Twilight Council  
  78  5:27  Sentry  
  80  5:29  Assimilator  
  80  5:30  Probe  
  81  5:38  Assimilator  
  81  5:46  Gateway  
  81  5:51  Probe, Pylon  
  81  5:52  Probe  
  83  6:00  Zealot  
  83  6:03  Probe  
  86  6:04  Probe, Templar Archives  
  86  6:09  Zealot  
  89  6:15  Pylon  
  89  6:16  Probe x2  
  91  6:20  Zealot  
  93  6:31  Stalker  
  95  6:34  Zealot  
  95  6:36  Pylon  
  95  6:39  Zealot  
  99  6:42  Gateway  
  99  6:50  Stalker  
  101  6:54  High Templar  
  101  6:59  Pylon, Stalker  
  105  7:12  Forge  
  105  7:13  Zealot  
  107  7:16  Observer  
  107  7:20  Forge  
  107  7:21  Psionic Storm  
  107  7:22  Stalker  
  110  7:24  Pylon  
  110  7:26  High Templar, Pylon  
  110  7:27  Nexus  
  112  7:31  Sentry  
  112  7:34  Archon  
  112  7:36  High Templar  
  116  7:45  Zealot  
  116  7:46  Zealot  
  116  7:48  Gateway  
  116  7:49  Zealot  
  116  7:50  Pylon  
  122  8:04  Photon Cannon  
  122  8:05  Zealot  
  122  8:06  Zealot  
  122  8:07  Pylon  
  122  8:08  Zealot  
  122  8:09  Zealot  
  130  8:26  Sentry, Zealot  
  134  8:28  High Templar  
  134  8:29  Zealot  
  138  8:35  Archon  
  138  8:38  Pylon  
  138  8:41  Probe, Photon Cannon  
  139  8:42  Probe, High Templar  
  139  8:43  Zealot  
  139  8:44  Probe, Protoss Ground Armor Level 1  
  139  8:46  Zealot  
  147  8:49  High Templar  
  147  8:53  Probe  
  147  8:54  Probe  
  151  8:56  Probe, Zealot  
  151  8:58  Archon, Protoss Ground Weapons Level 1  
  151  9:00  Assimilator  
  151  9:01  Stalker  
  156  9:03  Photon Cannon  
  156  9:05  Probe, Pylon  
  156  9:06  High Templar  
  156  9:07  Probe  
  156  9:09  Probe  
  161  9:17  Warp Prism, Probe  
  161  9:19  Probe, High Templar  
  161  9:21  Probe  
  168  9:26  Observer  
  168  9:27  Probe  
  168  9:29  Pylon  
  170  9:35  Zealot  
  170  9:37  Zealot  
  164  9:38  Zealot  
  164  9:41  Zealot  
  156  9:47  Observer  
  156  9:51  Zealot  
  153  9:53  Warp Prism  
  153  9:55  Zealot  
  153  9:58  Zealot x2  
  157  10:01  Zealot  
  157  10:03  Charge  
  159  10:11  Sentry, Photon Cannon  
  161  10:15  Pylon, Zealot  
  161  10:18  High Templar  
  161  10:19  Zealot  
  167  10:22  Stalker  
  169  10:31  Assimilator  
  169  10:34  Stalker  
  169  10:35  Gateway, High Templar  
  173  10:39  Nexus, Photon Cannon  
  173  10:42  Photon Cannon  
  173  10:44  High Templar  
  173  10:46  Zealot  
  173  10:48  Observer  
  164  10:50  Zealot  
  164  10:51  Observer  
  164  10:52  Archon  
  154  10:57  Zealot  
  154  11:01  Zealot  
  140  11:08  Zealot  
  140  11:10  Sentry  
  128  11:16  Stalker  
  128  11:17  Sentry  
  124  11:21  Zealot  
  118  11:28  High Templar  
  118  11:29  High Templar  
  118  11:33  Zealot  
  118  11:38  Archon  
  118  11:39  Adept  
  110  11:40  Zealot  
  110  11:41  Zealot  
  114  11:53  Probe x3, High Templar  
  119  11:54  Probe, Adept  
  119  11:56  Zealot  
  119  11:57  Assimilator  
  119  11:58  Zealot  
  119  11:59  Stargate, Zealot  
  119  12:00  Pylon, Stalker  
  130  12:04  Assimilator  
  130  12:10  Zealot  
  130  12:12  Sentry, Zealot  
  136  12:19  Zealot  
  138  12:24  Probe, Stalker  
  138  12:25  Stalker  
  138  12:27  Probe  
  138  12:28  Probe  
  142  12:30  Zealot  
  142  12:32  Sentry  
  142  12:35  Zealot  
  148  12:39  Adept, Immortal  
  150  12:44  Probe, Pylon  
  150  12:45  Void Ray  
  150  12:46  Probe  
  150  12:47  Stalker  
  150  12:48  Zealot  
  150  12:49  High Templar  
  120  13:02  Probe  
  115  13:08  Probe  
  115  13:10  Probe  
  118  13:13  Nexus, Probe  
  118  13:17  High Templar, Archon  
  121  13:20  Probe  
  121  13:24  Stalker  
  121  13:25  Probe, High Templar  
  127  13:27  Probe  
  127  13:32  Probe, Zealot  
  127  13:36  Probe  
  127  13:37  Zealot  
  127  13:40  Adept  
  118  13:41  Probe x2  
  118  13:44  Probe  
  114  13:48  Stalker  
  114  13:49  Probe  
  114  13:52  Probe  
  114  13:54  Stalker  
  99  13:57  Sentry  
  99  14:00  Stalker  
  98  14:04  Adept, Probe x2  
  98  14:06  Probe  
  103  14:10  Archon  
  103  14:11  High Templar  
  103  14:14  Stalker  
  103  14:15  Probe  
  108  14:17  Stalker  
  108  14:20  Probe, High Templar  
  108  14:23  Stalker  
  115  14:27  Stalker  
  117  14:32  Archon  
  117  14:37  Zealot  
  119  14:40  Zealot  
  119  14:43  Zealot  
  123  14:46  High Templar  
  123  14:50  Zealot  
  123  14:51  Void Ray  
  127  14:52  Zealot  
  127  14:57  High Templar  
  131  15:01  Zealot  
  131  15:02  Zealot  
  131  15:03  Archon  
  139  15:09  High Templar  
  139  15:10  Zealot  
  139  15:12  Zealot  
  145  15:17  Zealot  
  147  15:21  Sentry  
  149  15:30  High Templar, Zealot  
  149  15:31  Zealot  
  149  15:33  Void Ray  
  159  15:36  Observer  
  159  15:37  Zealot  
  159  15:38  Observer, Archon  
  159  15:41  High Templar  
  165  15:44  Zealot  
  165  15:45  Zealot  
  169  15:50  Zealot  
  171  15:57  Zealot  
  171  16:02  High Templar  
  171  16:03  Stalker  
  177  16:04  Stalker  
  177  16:10  Stalker  
  181  16:11  Archon  
  181  16:13  Stalker  
  181  16:15  Void Ray  
  181  16:18  Zealot  
  189  16:38  Probe x2  
  188  16:40  Probe  
  175  16:49  Void Ray  
  175  16:50  Probe x3  
  175  16:51  Robotics Bay  
  163  16:56  Pylon  
  163  16:57  Zealot  
  163  16:58  Probe  
  163  17:01  Zealot  
  163  17:02  Probe x2  
  163  17:07  Probe, Zealot  
  168  17:10  Zealot  
  168  17:11  Nexus  
  168  17:14  Probe  
  172  17:17  Probe  
  172  17:19  Probe, Pylon, Zealot  
  172  17:20  Void Ray  
  180  17:38  Colossus  
  186  17:54  Void Ray  
  186  17:55  Void Ray  
  186  17:59  Colossus  
  193  18:20  Probe  
  170  18:30  Pylon  
  170  18:31  Void Ray  
  146  19:05  Nexus  
  146  19:09  Probe  
  147  19:12  Nexus  
  78  24:03  High Templar  
  80  24:37  High Templar  
  82  24:42  Archon  
  82  24:44  High Templar  
  84  25:17  High Templar  
  86  25:23  Archon  
  86  25:30  High Templar  
  88  26:01  High Templar  
  90  26:07  Archon  
  88  26:32  Probe  
  86  27:07  Probe  
Show
View Real Time Build Order
Export as new Build Order

A.I. 3 (Harder) Terran 

Build Orders:  

Get SALT Encoding   

  12  0:01  SCV  
  13  0:13  SCV  
  14  0:19  Supply Depot  
  14  0:25  SCV  
  15  0:41  SCV  
  16  0:45  Barracks  
  16  0:50  Refinery  
  16  0:53  SCV  
  17  1:05  SCV  
  18  1:17  SCV  
  19  1:22  Supply Depot  
  19  1:30  SCV  
  19  1:32  Marine  
  21  1:42  Orbital Command, Barracks  
  21  1:50  Refinery  
  21  1:51  Barracks Tech Lab  
  21  2:09  Supply Depot, Marine  
  22  2:27  Marine  
  22  2:29  Marine  
  24  2:45  Marine  
  24  2:46  Supply Depot, Marine  
  26  3:03  Marine  
  26  3:04  Marine  
  28  3:21  Marauder  
  28  3:22  Marine  
  28  3:24  Supply Depot  
  28  3:26  SCV  
  32  3:38  SCV, Engineering Bay  
  32  3:40  Marine  
  34  3:43  Marauder  
  36  3:50  SCV  
  37  4:02  SCV  
  37  4:04  Marauder  
  37  4:07  Supply Depot  
  40  4:15  SCV  
  41  4:25  Marauder  
  41  4:27  SCV  
  44  4:47  Marauder  
  46  5:08  Marauder  
  48  5:29  Marauder  
  50  5:37  Barracks Tech Lab  
  50  5:38  Terran Infantry Weapons Level 1, Stimpack  
  50  5:39  Factory  
  50  5:42  Factory  
  50  5:45  Supply Depot, Command Center  
  49  5:50  Marine  
  49  5:54  Combat Shield  
  49  5:55  Marine  
  51  6:08  Marine  
  51  6:09  Ghost Academy  
  51  6:12  Marine  
  50  6:25  Factory Tech Lab x2  
  46  6:26  Marine  
  46  6:28  Starport  
  46  6:30  Marine  
  46  6:31  Starport  
  44  6:33  SCV  
  45  6:44  Marine  
  42  6:48  Marine  
  39  7:00  SCV  
  40  7:01  Marine  
  40  7:04  SCV  
  40  7:05  Refinery, Starport Tech Lab  
  40  7:06  Marine  
  40  7:07  Starport Tech Lab  
  41  7:12  SCV  
  42  7:16  SCV  
  42  7:20  Reaper, Refinery  
  44  7:23  Ghost  
  44  7:24  SCV  
  44  7:28  SCV  
  48  7:32  Terran Infantry Armor Level 1  
  48  7:36  SCV  
  47  7:40  SCV  
  48  7:48  SCV  
  49  7:51  Marine  
  49  7:52  SCV  
  49  7:53  Marauder  
  53  8:00  SCV  
  53  8:04  SCV, Raven  
  57  8:10  Marauder, Concussive Shells  
  59  8:13  SCV  
  59  8:14  Marine  
  59  8:16  SCV  
  59  8:17  Raven  
  64  8:25  SCV, Missile Turret  
  65  8:28  SCV  
  65  8:31  Marine x2  
  68  8:34  Supply Depot  
  68  8:37  SCV  
  68  8:39  Missile Turret  
  68  8:40  SCV  
  70  8:49  Marauder, SCV  
  70  8:50  Marauder  
  70  8:53  SCV, Missile Turret  
  76  8:55  Missile Turret  
  76  9:01  SCV, Bunker  
  77  9:06  Sensor Tower  
  77  9:10  Marine  
  77  9:11  Reaper  
  77  9:13  Armory  
  77  9:16  Bunker  
  79  9:26  Barracks  
  79  9:28  Marine  
  80  9:43  Marauder  
  77  9:46  Reaper  
  73  9:54  Factory  
  73  9:58  Medivac  
  75  10:00  Starport  
  75  10:02  Medivac  
  75  10:04  Marine  
  78  10:09  Command Center  
  78  10:14  Barracks Reactor  
  78  10:18  Marine  
  79  10:22  Marine  
  79  10:24  Supply Depot  
  89  10:28  Medivac  
  80  10:32  Raven  
  84  10:35  Marine  
  84  10:36  Starport Reactor  
  84  10:38  Factory Tech Lab  
  84  10:40  Marauder  
  87  10:42  Terran Infantry Weapons Level 2  
  87  10:50  Supply Depot  
  87  10:51  Marine  
  87  10:53  Marine  
  87  10:54  Marine  
  87  10:55  Terran Vehicle Weapons Level 1  
  90  11:01  Ghost  
  92  11:10  Fusion Core  
  92  11:12  Marauder  
  92  11:14  Engineering Bay  
  94  11:20  Armory  
  94  11:21  SCV x2  
  94  11:23  SCV  
  97  11:33  SCV  
  97  11:37  SCV  
  97  11:38  SCV  
  97  11:39  Missile Turret x2, Terran Infantry Armor Level 2  
  100  11:45  SCV  
  101  11:49  SCV  
  101  11:50  SCV  
  103  11:57  SCV  
  103  12:01  SCV  
  105  12:02  Bunker  
  105  12:03  SCV  
  105  12:06  Terran Ship Weapons Level 1  
  106  12:09  SCV  
  106  12:24  SCV  
  106  12:27  Refinery  
  107  12:33  Refinery  
  107  12:50  Terran Vehicle And Ship Armor Level 1  
  107  12:51  SCV  
  108  13:10  Viking  
  108  13:11  Terran Infantry Weapons Level 3  
  113  13:12  Siege Tank  
  113  13:14  Supply Depot  
  113  13:15  Cyclone  
  113  13:17  Marine  
  113  13:19  Marine  
  118  13:21  Marine  
  118  13:23  Marine  
  118  13:35  Marauder  
  118  13:37  Marauder  
  118  13:38  Supply Depot  
  118  13:39  Marine  
  117  13:41  Marine  
  104  13:56  Marauder  
  104  13:57  Marine  
  104  13:58  Terran Infantry Armor Level 3, Marine  
  104  13:59  Marine  
  104  14:00  Terran Vehicle Weapons Level 2  
  104  14:01  Viking, Supply Depot  
  109  14:03  Siege Tank  
  109  14:08  Command Center  
  108  14:14  Marine  
  108  14:16  Medivac, Marine  
  108  14:17  Marine x2  
  112  14:21  Medivac  
  116  14:25  Supply Depot  
  116  14:30  Cyclone  
  119  14:32  Marine  
  119  14:34  Marauder  
  119  14:35  Marauder  
  119  14:36  Marine  
  125  14:45  Terran Ship Weapons Level 2  
  125  14:48  Supply Depot  
  125  14:50  Marine  
  126  14:54  Marine  
  126  14:55  Ghost  
  126  14:56  Marine  
  130  15:08  Marine  
  130  15:12  Marine  
  131  15:15  Marauder  
  131  15:19  Rapid Reignition System  
  130  15:24  Marine  
  130  15:26  Marine  
  131  15:30  Cyclone, Marine  
  131  15:31  Raven  
  131  15:32  Refinery  
  123  15:35  Marine  
  123  15:37  Missile Turret  
  123  15:39  Missile Turret  
  123  15:41  Refinery  
  123  15:42  Marine  
  115  15:43  Marine  
  115  15:47  Marine  
  115  15:48  Neosteel Armor  
  107  15:53  Marine  
  97  15:59  Raven, Marine  
  97  16:01  Hellion x2, Marine  
  97  16:02  Hellion  
  88  16:04  Viking  
  88  16:05  Marine  
  88  16:08  Viking  
  88  16:11  Marine  
  88  16:14  Medivac  
  88  16:16  Terran Vehicle And Ship Armor Level 2  
  88  16:18  Marauder  
  91  16:19  Marine  
  91  16:22  Hellion  
  91  16:23  Marine  
  89  16:28  Siege Tank  
  89  16:29  Marauder  
  88  16:34  Viking  
  88  16:35  Hi-Sec Auto Tracking  
  88  16:37  Marine  
  88  16:39  Marine  
  87  16:41  Marine  
  87  16:42  Raven  
  89  16:47  Cyclone  
  89  16:49  Medivac  
  89  16:51  Marauder  
  89  16:52  Medivac  
  98  16:54  Command Center  
  98  16:55  Marine  
  98  16:56  Marine  
  98  16:59  Marine  
  101  17:02  Siege Tank  
  101  17:04  Siege Tank  
  101  17:07  Refinery  
  107  17:12  Marine x2  
  107  17:15  Marauder, Refinery  
  111  17:16  Refinery, Marine  
  111  17:19  Siege Tank, Refinery  
  114  17:28  Raven  
  114  17:29  Marine  
  116  17:30  Refinery, Marine  
  116  17:34  Siege Tank  
  116  17:36  Marauder, Siege Tank  
  126  17:48  Marauder  
  126  17:49  SCV  
  130  17:51  SCV, Siege Tank  
  130  17:52  SCV  
  130  17:57  Ghost  
  134  18:01  SCV  
  134  18:02  Marine  
  134  18:03  SCV  
  134  18:05  Medivac, Marine  
  126  18:06  Siege Tank  
  126  18:09  Marine  
  126  18:10  Hellion  
  118  18:16  Medivac  
  108  18:20  Refinery, Marine  
  108  18:23  Marine  
  108  18:24  Refinery  
  108  18:25  Marine  
  108  18:26  Hellion  
  108  18:27  Medivac, Marine  
  113  18:29  Command Center  
  113  18:31  Hellion  
  114  18:38  Marine  
  114  18:41  Marine  
  115  18:43  Marine  
  115  18:44  Marine  
  94  18:56  Marine  
  94  18:58  Marine  
  94  19:01  Marine  
  94  19:02  Marine  
  76  19:06  Siege Tank  
  77  19:12  Siege Tank  
  77  19:14  Siege Tank, Marine  
  83  19:21  Marine  
  81  19:26  Marine  
  71  19:32  Marine  
  71  19:34  Marine  
  73  19:39  Hellion, Marine  
  73  19:41  Medivac  
  73  19:44  Hellion  
  79  19:46  Siege Tank  
  79  19:47  Medivac, Marine  
  75  20:00  Siege Tank  
  78  20:09  Command Center  
  63  20:31  Marine  
  63  20:34  Marine  
  65  20:37  Marine  
  65  20:41  Marine  
  67  20:43  Command Center  
  67  20:49  Marine  
  68  20:50  Refinery  
  68  20:56  Siege Tank  
  71  21:05  Siege Tank  
  74  21:13  Siege Tank  
  77  21:20  Medivac  
  77  21:21  Marine  
  77  21:25  Marine  
  71  22:14  Command Center  
  71  22:25  Marine  
  71  22:28  Command Center, Marine  
  73  22:31  Marine  
  73  22:49  SCV  
  73  22:50  Marine  
  75  22:53  Marine  
  75  22:56  Marine  
  77  22:59  Hellion, Command Center  
  78  23:17  SCV  
  79  23:22  Hellion  
  81  23:28  Siege Tank  
  81  23:31  Command Center  
  84  23:34  Siege Tank  
  87  23:43  Siege Tank  
  89  24:00  Siege Tank  
  92  24:07  Widow Mine  
  94  24:21  SCV  
  95  24:25  Command Center  
  95  24:34  Command Center  
  94  24:52  Refinery  
  94  25:03  Command Center x2  
  94  25:07  Refinery  
  93  25:26  SCV  
  93  25:30  SCV  
  75  25:49  Command Center  
  58  26:27  SCV  
  1  29:08  SCV  
Tags
 
Add a new tag
Caveats
  • Supply blocks, unpowered buildings, or Contaminate may cause inaccurate times.
  • Supply counts are checked every 10 seconds.